 Dungeon Crawl Stone Soup version 0.31.0-11-ge490571c62 (webtiles) character file.

Game seed: 4471653232173221975

221 qw the Shooter (level 5, -7/25 HPs)
             Began as a Spriggan Hunter on Feb 5, 2024.
             Killed from afar by Ijyb (11 damage)
             ... with a puff of flame
             ... on level 2 of the Dungeon.
             The game lasted 00:00:51 (1375 turns).

qw the Shooter (Spriggan Hunter)                    Turns: 1375, Time: 00:00:52

Health: -7/25      AC:  2    Str:  7    XL:     5   Next: 65%
Magic:  6/6        EV: 19    Int: 11    God:
Gold:   127        SH:  0    Dex: 20    Spells: 4/4 levels left

rFire   . . .        a - +1 shortbow
rCold   . . .        (shield currently unavailable)
rNeg    . . .        c - +0 robe
rPois   .            (helmet restricted)
rElec   .            (no cloak)
rCorr   .            (gloves unavailable)
SInv    +            (boots unavailable)
Will    .....        (no amulet)
Stlth   ++           (no ring)
HPRegen 0.24/turn    (no ring)
MPRegen 0.10/turn

%: no passive effects
@: very quick
A: very small, no large weapons, unfitting armour, see invisible, speed 3
a: no special abilities


You were on level 2 of the Dungeon.
You visited 1 branch of the dungeon, and saw 2 of its levels.

You collected 127 gold pieces.


Innate Abilities, Weirdness & Mutations

You are very small and have problems with some larger weapons.
You are too small for most types of armour.
You have supernaturally acute eyesight. (SInv)
You cover ground extremely quickly. (Speed+++)


   Skills:
 - Level 1.5 Fighting
 - Level 6.5 Ranged Weapons
 + Level 4.2 Dodging
 - Level 1.5 Stealth


You had 4 spell levels left.
You didn't know any spells.
Your spell library was empty.

Inventory:

Hand Weapons
 a - a +1 shortbow (weapon)
Armour
 c - a +0 robe (worn)
Scrolls
 b - 2 scrolls of teleportation {unknown}
 d - a scroll of identify
 e - a scroll of fog {unknown}
Potions
 f - a potion of curing {unknown}
 i - a potion of enlightenment

Dungeon Overview and Level Annotations

Branches:
Dungeon (2/15)

Altars:

Annotations:
D:2 Ijyb


Message History

You kill the hobgoblin!
Found 2 stones. 2 goblins come into view.
You shoot an arrow. The arrow hits the goblin!
You kill the goblin!
The goblin shouts!
A goblin comes into view. It is wielding a +0 club. x2
A goblin comes into view. It is wielding a +0 dagger.
You shoot an arrow. The goblin shouts! x2
The arrow hits the goblin!
You kill the goblin!
A goblin comes into view. It is wielding a +0 club.
Ijyb the Twisted Goblin comes into view.
She is wielding a +0 club and carrying a wand of flame.
The goblin shouts!
You shoot an arrow. The arrow hits the goblin.
You kill the goblin!
You shoot an arrow. The arrow barely misses the goblin.
You shoot an arrow. The arrow closely misses the goblin. x2
You shoot an arrow. The arrow hits the goblin!
You kill the goblin!
You shoot an arrow. The arrow hits the goblin!
You kill the goblin!
You shoot an arrow. The arrow hits the goblin.
You kill the goblin!
Ijyb zaps a wand.
The puff of flame hits you!
You shoot an arrow. The arrow closely misses Ijyb.
Ijyb screams, "Get away!"
You shoot an arrow. The arrow closely misses Ijyb.
Ijyb zaps a wand.
The puff of flame hits you!
You shoot an arrow. The arrow closely misses Ijyb.
Ijyb completely misses you.
You shoot an arrow. The arrow misses Ijyb.
Ijyb closely misses you.
You shoot an arrow. The arrow closely misses Ijyb.
Ijyb hits you with a +0 club.
You shoot an arrow. The arrow hits Ijyb.
Ijyb is lightly wounded.
Ijyb zaps a wand.
The puff of flame hits you!
You die...

#.#.# #.##.#
#.... #.###.#.#
#.##.# #.###
#.......# ##.##.#
#.#
#.###.#####...#.#
#.# #.......#...#
#.# #.#####...#.#
#.# #.# ##.##.#
#.# ..# #.##.#
#.# .#.# #@##.#
#.# #.#.# #g.###
###.# # #.# #.)8.
#...# .. .......
##### #........
....(....
......)..
#......).


You could see Ijyb.

Vanquished Creatures
  Sigmund (D:2)
  An adder (D:2)
  6 ball pythons
  3 endoplasms
  10 goblins
  5 hobgoblins
  4 jackals (D:2)
  4 kobolds
  A quokka (D:2)
  4 bats
  4 frilled lizards
  5 rats (D:1)
48 creatures vanquished.

Notes
Turn   | Place    | Note
-------+----------+-------------------------------------------
     0 | D:1      | qw the Spriggan Hunter began the quest for the Orb.
     0 | D:1      | Reached XP level 1. HP: 10/10 MP: 2/2
     0 | D:1      | 0 ||| qw: Version: 0.3-a-160-g6735b56
     0 | D:1      | 0 ||| qw: Game counter: 6260
     0 | D:1      | 0 ||| qw: Melee chars always use a shield: true
     0 | D:1      | 0 ||| qw: God list: Okawaru
     0 | D:1      | 0 ||| qw: Allow faded altars: false
     0 | D:1      | 0 ||| qw: Do Orc after clearing Dungeon:15 true
     0 | D:1      | 0 ||| qw: Do second Lair branch before Depths: true
     0 | D:1      | 0 ||| qw: Lair rune preference: random
     0 | D:1      | 0 ||| qw: Goals: Normal
     0 | D:1      | 0 ||| PLANNING D:1-11
    11 | D:1      | Reached skill level 3 in Dodging
    99 | D:1      | Reached XP level 2. HP: 14/14 MP: 3/3
   611 | D:1      | 611 ||| READING scroll labelled VOK SUUJEASUG.
   712 | D:1      | 712 ||| READING 3 scrolls labelled WOIVEW JUPTIMEO.
   712 | D:1      | 712 ||| IDENTIFYING sedimented emerald potion
   713 | D:1      | 713 ||| READING 2 scrolls of identify.
   713 | D:1      | 713 ||| IDENTIFYING bubbling blue potion
   714 | D:1      | 714 ||| READING scroll of identify.
   714 | D:1      | 714 ||| IDENTIFYING scroll labelled PODATHR OLERO
   715 | D:1      | 715 ||| READING scroll of enchant weapon.
   715 | D:1      | 715 ||| ENCHANTING +0 shortbow.
   716 | D:1      | 716 ||| READING scroll labelled MESSUM IMALUQU.
   717 | D:1      | 717 ||| READING scroll labelled OGO XOMEISK.
   718 | D:1      | 718 ||| READING scroll labelled DYRROFFOAL.
   718 | D:1      | 718 ||| ENCHANTING +1 shortbow.
   719 | D:1      | 719 ||| DROPPING scroll of butterflies.
   720 | D:1      | 720 ||| DROPPING potion of magic.
   741 | D:2      | 741 ||| STAIRDANCE
   750 | D:2      | 750 ||| STAIRDANCE
   772 | D:2      | Reached XP level 3. HP: 9/18 MP: 4/4
   816 | D:2      | 816 ||| STAIRDANCE
   873 | D:2      | Identified the +5 whip "Ischiod" {flame, Will+}
  1130 | D:2      | Noticed Sigmund
  1140 | D:2      | HP: 3/18 [Sigmund/magic dart (6)]
  1153 | D:2      | Killed Sigmund
  1154 | D:2      | Reached skill level 6 in Ranged Weapons
  1154 | D:2      | Reached XP level 4. HP: 8/22 MP: 5/5
  1154 | D:2      | Reached XP level 5. HP: 9/25 MP: 6/6
  1361 | D:2      | Noticed Ijyb
  1374 | D:2      | HP: 4/25 [Ijyb/+0 club (4)]
  1375 | D:2      | Killed from afar by Ijyb

Levels and vault maps discovered:
D:1:      wander_arrival_chamber, layout_basic, st_stairs_12
D:2:      kennysheep_the_goblin_king, layout_loops_ring,
          minmay_misc_feat_four_crosses, uniq_sigmund

Skill      XL: |  1  2  3 |
---------------+----------+-----
Dodging        | 3 4 |  4.2
Ranged Weapons | 6 |  6.5
Fighting       | |  1.5
Stealth        | |  1.5

Action                     |  1- 3 |  4- 6 || total
---------------------------+-------+-------++-------
   Fire: Shortbow          |   110 |    23 ||   133
    Use: Scroll            |     8 |       ||     8
 Armour: Robe              |    17 |     5 ||    22
  Dodge: Dodged            |    49 |     5 ||    54

Table legend:
 A = Non-vault XP
 B = Vault XP
 C = Vault XP percentage of total XP
 D = Non-vault monster count
 E = Vault monster count
 F = Vault count percentage of total count
                 A         B        C        D         E       F
            +---------+---------+-------+---------+---------+-------
      Total |      73 |     244 |  77.0 |      40 |       8 |  16.7
            +---------+---------+-------+---------+---------+-------
        D:1 |      32 |       2 |   5.9 |      22 |       1 |   4.3
        D:2 |      41 |     242 |  85.5 |      18 |       7 |  28.0
            +---------+---------+-------+---------+---------+-------
